 Dungeon Crawl Stone Soup version 0.17-a0-1515-gfae3d72 (webtiles) character file.

175 bal the Sneak (level 5, -2/26 HPs)
             Began as a Vine Stalker Assassin on July 12, 2015.
             Slain by a scorpion (4 damage)
             ... on level 4 of the Dungeon.
             The game lasted 00:10:50 (2260 turns).

bal the Sneak (Vine Stalker Assassin)               Turns: 2260, Time: 00:10:50

Health: -2/26      AC:  5    Str: 13    XL:     5   Next: 55%
Magic:  0/6        EV: 17    Int: 11    God:
Gold:   166        SH:  0    Dex: 17    Spells: 0 memorised, 4 levels left

rFire  . . .     SeeInvis .     a - +2 dagger
rCold  . . .     Clarity  .     c - +0 robe
rNeg   . . .     SustAt   .     (no shield)
rPois  .         Gourm    .     (no helmet)
rElec  .         Spirit   +     d - +2 cloak
rCorr  .         Warding  .     (no gloves)
rMut   .         Stasis   .     (no boots)
MR     .....                    (no amulet)
Stlth  +++.......               (no ring)
                                j - +5 ring of evasion (curse)

@: not resistant to hostile enchantments, fairly stealthy
A: fangs 2, regeneration 1, magic shield, antimagic bite, no device heal 3, rot
immunity
a: no special abilities


You were on level 4 of the Dungeon.
You were not hungry.

You visited 1 branch of the dungeon, and saw 4 of its levels.

You collected 166 gold pieces.

Inventory:

Hand weapons
 a - a +2 dagger (weapon)
 b - a +0 blowgun
 t - a +1 dagger of holy wrath
 w - a +3 mace
Missiles
 e - 18 poisoned needles
 f - 2 curare-tipped needles
 q - 6 javelins of returning (quivered)
Armour
 c - a +0 robe (worn)
 d - a +2 cloak (worn)
 o - a +0 scale mail of cold resistance
 s - a +3 leather armour of positive energy
Jewellery
 j - a cursed +5 ring of evasion (left hand)
 k - a +2 ring of protection {unknown}
 m - an uncursed ring of see invisible {unknown}
 n - an uncursed amulet of resist mutation {unknown}
 y - an uncursed amulet of faith {unknown}
Scrolls
 i - 2 scrolls of remove curse
 l - 2 scrolls of immolation
 r - a scroll of amnesia
Comestibles
 g - 2 bread rations
 p - 2 meat rations


   Skills:
 + Level 2.2 Fighting
 + Level 2.1 Short Blades
 + Level 2.9 Throwing
 + Level 1.9 Dodging
 + Level 6.4 Stealth


You had 4 spell levels left.
You didn't know any spells.

Dungeon Overview and Level Annotations

Branches:
Dungeon (4/15)
 Temple: D:4-7

Altars:


Innate Abilities, Weirdness & Mutations

You have extremely sharp teeth.
Your natural rate of healing is unusually fast.
When hurt, damage is shared between your health and your magic reserves.
Your bite disrupts and absorbs the magic of your enemies.
Potions and wands cannot restore your health.
You are immune to rotting.


Message History

The scorpion is severely wounded.
The scorpion completely misses you.
A kobold comes into view. It is wielding a dagger.
You hit the scorpion. Your bite misses the scorpion.
The scorpion is severely wounded.
The orc hits you with a morningstar.
* * * LOW HITPOINT WARNING * * *
The scorpion closely misses you.
You barely miss the scorpion.
The scorpion is severely wounded.
You barely miss the scorpion.
You bite the scorpion, but do no damage.
The scorpion is severely wounded.
The scorpion closely misses you. The orc hits you with a morningstar.
* * * LOW HITPOINT WARNING * * *
You barely miss the scorpion. You bite the scorpion. You drain its power.
You feel invigorated.
The scorpion is almost dead.
The scorpion stings you!
You die...

#.# #.# #.# ...
#K# #a# #o# #@#
#s# ..#.# .)#.#
#.#.# #.#.#
#.#.# #.#.#
############.#.#


You could see a scorpion, a worker ant, an orc and a kobold.

Vanquished Creatures
  Ijyb (D:2)
  A worker ant (D:4)
  5 adders
  A gnoll (D:1)
  A worm (D:3)
  3 giant geckos
  7 orcs (D:3)
  A ball python (D:3)
  4 giant cockroaches
  8 goblins
  4 hobgoblins
  A quokka (D:3)
  3 bats
  3 giant newts
  4 jackals
  9 kobolds
  6 rats
62 creatures vanquished.

Notes
Turn   | Place    | Note
--------------------------------------------------------------
     0 | D:1      | bal the Vine Stalker Assassin began the quest for the Orb.
     0 | D:1      | Reached XP level 1. HP: 11/11 MP: 2/2
    64 | D:1      | Reached skill level 5 in Stealth
    64 | D:1      | Reached XP level 2. HP: 9/15 MP: 1/3
   948 | D:1      | Reached XP level 3. HP: 7/18 MP: 1/4
   989 | D:2      | Reached skill level 1 in Dodging
  1098 | D:2      | Noticed Ijyb
  1125 | D:2      | Killed Ijyb
  1125 | D:2      | Reached skill level 6 in Stealth
  1125 | D:2      | Reached XP level 4. HP: 23/23 MP: 5/5
  1686 | D:3      | Reached XP level 5. HP: 26/26 MP: 6/6
  2259 | D:4      | HP: 1/26 [orc/morningstar (4)]
  2260 | D:4      | Slain by a scorpion

Vault maps used:
D:1:      minmay_arrival_plants_in_alcoves, minmay_ruptured
D:2:      uniq_iyjb
D:3:      kennysheep_big_empty_room
D:4:      xom_teletrap_fun, uniq_eustachio

Action                   |  1- 3 |  4- 6 || total
-------------------------+-------+-------++-------
Melee: Dagger            |    29 |   106 ||   135
 Fire: Blowgun           |    11 |     7 ||    18
Throw: Javelin           |    11 |    22 ||    33
  Use: Scroll            |       |     9 ||     9
       Potion            |       |     3 ||     3
 Stab: Distracted        |     1 |     1 ||     2
       Sleeping          |     2 |     6 ||     8
  Eat: Bread ration      |       |     1 ||     1
